 Seeded DCSS version 0.29-a0-334-gb41bcbb86e (webtiles) character file.

Game seed: 16596395900720043157 (custom seed)

7737 stormannn the Thaumaturge (level 11, -7/54 HPs)
             Began as a Deep Elf Air Elementalist on Apr 14, 2022.
             Was a Priest of Vehumet.
             Mangled by a sun demon (17 damage)
             ... summoned by an obsidian statue
             ... on level 10 of the Dungeon.
             The game lasted 00:48:57 (14209 turns).

stormannn the Thaumaturge (DEAE)                   Turns: 14209, Time: 00:48:58

Health: -7/54      AC:  6    Str:  5    XL:     11   Next: 0%
Magic:  0/34       EV: 16    Int: 25    God:    Vehumet [***...]
Gold:   58         SH:  0    Dex: 15    Spells: 1/26 levels left

rFire   . . .      SeeInvis .   y - +0 quarterstaff (spect)
rCold   . . .      Faith    .   (shield currently unavailable)
rNeg    . . .      Spirit   .   a - +0 robe
rPois   .          Reflect  .   h - +1 helmet
rElec   .          Harm     .   C - +0 cloak
rCorr   .          Rampage  .   k - +0 pair of gloves
Will    +....                   (no boots)
Stlth   ++........              (no amulet)
HPRegen 0.18/turn               i - ring of magical power
MPRegen 0.24/turn               (no ring)

@: about to teleport, mesmerised
A: no striking features
a: Renounce Religion


You were on level 10 of the Dungeon.
You worshipped Vehumet.
Vehumet was most pleased with you.
You visited 2 branches of the dungeon, and saw 11 of its levels.
You also visited: Sewer.

You collected 586 gold pieces.
You spent 528 gold pieces at shops.

Inventory:

Hand Weapons
 y - a +0 spectral quarterstaff (weapon)
Missiles
 p - 2 throwing nets
Armour
 a - a +0 robe (worn)
 h - a +1 helmet (worn)
 k - a +0 pair of gloves (worn)
 n - the +4 ring mail of Pasm {rF+ rC+ rCorr Str+3}
   (You found it on level 7 of the Dungeon)

   Str:       It affects your strength (+3).
   rF:        It protects you from fire.
   rC:        It protects you from cold.
   rCorr:     It protects you from acid and corrosion.
 C - a +0 cloak (worn)
Jewellery
 i - a ring of magical power (left hand)
Wands
 l - a wand of charming (2)
 m - a wand of digging (5)
 x - a wand of flame (16)
 A - a wand of polymorph (2)
 B - a wand of iceblast (3)
Scrolls
 e - 7 scrolls of teleportation
 g - 3 scrolls of fog
 t - 2 scrolls of magic mapping
 u - a scroll of enchant weapon
 w - a scroll of amnesia
 D - a scroll of identify
 E - a scroll of holy word {unknown}
Potions
 b - 2 potions of haste
 c - 3 potions of might
 d - a potion of ambrosia {unknown}
 f - a potion of magic
 j - 3 potions of flight
 o - a potion of resistance {unknown}
 q - 7 potions of curing {unknown}
 r - 3 potions of brilliance {unknown}
 s - a potion of heal wounds
 v - 2 potions of attraction
 z - a potion of mutation {unknown}


   Skills:
 - Level 8.0 Dodging
 - Level 2.4 Stealth
 - Level 8.0 Spellcasting
 - Level 8.0 Conjurations
 - Level 7.0 Hexes
 + Level 5.4 Transmutations
 + Level 5.4 Fire Magic
 - Level 8.0 Air Magic
 + Level 5.7 Poison Magic


You had one spell level left.
You knew the following spells:

 Your Spells              Type           Power      Damage    Failure   Level
a - Shock                 Conj/Air       100%       1d9       1%          1
b - Static Discharge      Conj/Air       50%        N/A       1%          2
c - Call Imp              Summ           10%        N/A       9%          2
d - Airstrike             Air            25%        N/A       1%          4
e - Mephitic Cloud        Conj/Pois/Air  46%        N/A       1%          3
f - Poisonous Vapours     Pois/Air       88%        N/A       1%          2
g - Iskenderun's Mystic   Conj/Tloc      30%        2d8       3%          4
h - Olgreb's Toxic Radia  Pois           38%        N/A       1%          4
i - Ignite Poison         Fire/Tmut/Pois 37%        N/A       1%          3

Your spell library contained the following spells:

 Spells                   Type           Power      Damage    Failure   Level
 Magic Dart               Conj           100%       1d8       1%          1
 Pain                     Necr           40%        1d6       6%          1
 Corpse Rot               Necr/Air       60%        N/A       1%          2
 Inner Flame              Hex/Fire       41%        N/A       1%          3
 Spider Form              Tmut/Pois      38%        N/A       1%          3
 Swiftness                Air            50%        N/A       1%          3
 Fulminant Prism          Conj/Hex       23%        3d13      1%          4
 Lightning Bolt           Conj/Air       25%        1d41      1%          5
 Ensorcelled Hibernation  Hex/Ice        54%        N/A       2%          2
 Passwall                 Tmut/Erth      19%        N/A       3%          2
 Cause Fear               Hex            22%        N/A       3%          4
 Summon Guardian Golem    Hex/Summ       27%        N/A       4%          3
 Silence                  Hex/Air        23%        N/A       8%          5
 Anguish                  Hex/Necr       13%        N/A       14%         4
 Ozocubu's Armour         Ice            10%        N/A       19%         3
 Summon Mana Viper        Hex/Summ       27%        N/A       36%         5
 Orb of Destruction       Conj           25%        9d9       41%         7
 Dispel Undead            Necr           10%        3d9       52%         4
 Agony                    Necr           10%        N/A       86%         5
 Excruciating Wounds      Necr           5%         N/A       86%         5
 Spellforged Servitor     Conj/Summ      15%        N/A       90%         7
 Maxwell's Capacitive Co  Air            25%        ∞         96%         8
 Death Channel            Necr           5%         N/A       100%        6
 Ozocubu's Refrigeration  Ice            5%         4d6       100%        7
 Discord                  Hex            22%        N/A       100%        8


Dungeon Overview and Level Annotations

Branches:
Dungeon (10/15)            Temple (1/1) D:4           Sewer (visited)
   Lair: D:8-11         Orc: D:9-12

Altars:
Ashenzari
Cheibriados
Dithmenos
Elyvilon
Fedhas
Gozag
Hepliaklqana
Kikubaaqudgha
Makhleb
Nemelex Xobeh
Okawaru
Qazlal
Ru
Sif Muna
Trog
Uskayaw
Vehumet
Wu Jian
Xom
Yredelemnul
Zin
The Shining One

Shops:
D:1 :   D:6 ?   D:7 :

Portals:
Abyss: D:5

Annotations:
D:5 2 transporters, siradein's ghost, novice DrFE
D:9 1 transporter
D:10 exclusion: obsidian statue


Message History

Aiming: Airstrike (dangerous; 1% risk of failure)
Press: ? - help, Dir - move target, f/p - obsidian statue
Aim: an obsidian statue (severely damaged, mesmerising, empty space bonus: 4/8)
The air twists around and strikes the obsidian statue!
The obsidian statue is almost destroyed.
The white imp gestures at you. The puff of frost misses you.
Casting: Airstrike (dangerous; 1% risk of failure)
Confirm with . or Enter, or press ? or * to list all spells.
Aiming: Airstrike (dangerous; 1% risk of failure)
Press: ? - help, Dir - move target, f/p - obsidian statue
Aim: an obsidian statue (almost destroyed, mesmerising, empty space bonus: 5/8)
The air twists around and strikes the obsidian statue!
The obsidian statue is almost destroyed.
The sun demon hits you!
You are engulfed in flames!!
Unknown command.
Aiming: Iceblast
Press: ? - help, Shift-Dir - straight line, p - obsidian statue The mass of ice explodes!
The iceblast engulfs the iron imp.
The iron imp partially resists.
The iron imp is moderately wounded.
The iceblast engulfs the sun demon!
The sun demon is frozen!
The sun demon is moderately wounded.
The iceblast engulfs the white imp.
The white imp partially resists.
The white imp is heavily wounded.
The iceblast engulfs the shadow imp.
The shadow imp partially resists.
The shadow imp is heavily wounded.
The iceblast engulfs the rust devil!
The rust devil partially resists.
The rust devil is lightly wounded.
You hear two shouts!
The sun demon barely misses you. The smoke demon gestures at you.
Something smites you!
* * * LOW HITPOINT WARNING * * *
Okay, then.
As you read the scroll of teleportation, it crumbles to dust.
You feel strangely unstable. The sun demon hits you.
* * * LOW HITPOINT WARNING * * *
You are engulfed in flames!
You die...

#..#...###......#....
#..###..##..........#
..## ###...........#
.# ##........## #
##.......>#######
#.....)...)......
##....)...........
#......))..5......
#.........@54))...
#..........3...3..
#...........5......
#(................8
#..................
#..................
..................
................


You could see an obsidian statue (mesmerising), a sun demon (summoned), a rust
devil (summoned), a smoke demon (summoned), an iron imp (summoned), a white imp
(summoned) and a shadow imp (summoned).

Vanquished Creatures
  A boulder beetle (D:8)
  A deep elf pyromancer (D:8)
  A manticore (D:8)
  Maurice (D:9)
  A gargoyle (D:10)
  A komodo dragon (D:6)
  Prince Ribbit (D:9)
  A shadow (D:10)
  Sigmund (D:2)
  2 wyverns (D:8)
  Eustachio (D:6)
  2 steam dragons (D:8)
  Menkaure (D:7)
  An acid dragon (D:8)
  2 water moccasins (D:7)
  6 orc warriors
  A black bear (D:5)
  5 sky beasts
  2 ice beasts
  An ogre (D:4)
  3 centaurs
  5 kobold brigands
  A bullfrog (D:8)
  11 killer bees
  An electric eel (D:8)
  4 howler monkeys
  3 orc priests
  2 gnoll shamans
  3 jellies
  4 iguanas
  9 orc wizards
  Robin (D:2)
  17 gnolls
  A river rat (Sewer)
  16 adders
  A shadow imp (D:6)
  A white imp (D:6)
  An ufetubus (D:7)
  4 worms
  A dart slug (D:4)
  24 orcs
  5 endoplasms
  7 giant cockroaches
  11 goblins
  13 hobgoblins
  4 jackals (D:1)
  55 kobolds
  8 quokkas
  12 ball pythons
  4 bats
  5 frilled lizards
  9 rats
279 creatures vanquished.

Vanquished Creatures (collateral kills)
  A killer bee (D:9)
1 creature vanquished.

Grand Total: 280 creatures vanquished

Notes
Turn   | Place    | Note
-------+----------+-------------------------------------------
     0 | D:1      | stormannn the Deep Elf Air Elementalist began the quest for
                  | the Orb.
     0 | D:1      | Reached XP level 1. HP: 10/10 MP: 6/6
   341 | D:1      | Reached XP level 2. HP: 1/15 MP: 0/8
   789 | D:1      | Found Jet Riuxi's Book Shop.
   846 | D:1      | Got Qosierch's Grimoire of Malediction and Feathers
  1106 | D:2      | Learned a level 2 spell: Static Discharge
  1109 | D:2      | Learned a level 2 spell: Call Imp
  1288 | D:2      | Reached XP level 3. HP: 19/19 MP: 4/9
  1625 | D:2      | Found an opulent altar of Gozag.
  1636 | D:2      | Noticed Sigmund
  1644 | D:2      | Noticed Robin
  1672 | D:2      | Killed Sigmund
  1673 | D:2      | Reached XP level 4. HP: 16/24 MP: 6/12
  1673 | D:2      | Reached XP level 5. HP: 19/28 MP: 6/13
  1982 | D:2      | Killed Robin
  2515 | D:3      | Found a glowing drain.
  2527 | Sewer    | Entered a sewer
  2668 | Sewer    | Reached XP level 6. HP: 26/32 MP: 14/15
  3389 | D:3      | Reached skill level 5 in Spellcasting
  3389 | D:3      | Reached skill level 5 in Air Magic
  3410 | D:3      | HP: 1/32 [orc priest/divine providence (10)]
  4536 | D:4      | Found a staircase to the Ecumenical Temple.
  4548 | Temple   | Entered the Ecumenical Temple
  4738 | Temple   | Became a worshipper of Vehumet
  4938 | D:4      | Reached XP level 7. HP: 30/36 MP: 17/17
  5115 | D:4      | Reached skill level 5 in Dodging
  5638 | D:4      | Reached * piety under Vehumet
  5638 | D:4      | Offered knowledge of Freeze by Vehumet.
  6160 | D:4      | Reached ** piety under Vehumet
  6160 | D:4      | Offered knowledge of Sandblast by Vehumet.
  6664 | D:5      | Entered Level 5 of the Dungeon
  6664 | D:5      | Found a transporter.
  6682 | D:5      | Noticed an ancient zyme
  6689 | D:5      | Found a transporter.
  6778 | D:5      | Reached skill level 1 in Hexes
  6778 | D:5      | Reached XP level 8. HP: 37/41 MP: 19/19
  6938 | D:5      | Found a one-way gate to the infinite horrors of the Abyss.
  6938 | D:5      | Noticed siradein's ghost (novice DrFE)
  6991 | D:4      | Learned a level 4 spell: Airstrike
  7039 | D:5      | Found a broken altar of Ashenzari.
  7317 | D:6      | Noticed a komodo dragon
  7365 | D:6      | Noticed Eustachio
  7365 | D:6      | Found a hazy altar of Hepliaklqana.
  7381 | D:6      | Killed Eustachio
  7779 | D:6      | Found a glowing golden altar of the Shining One.
  7798 | D:6      | Found a glowing silver altar of Zin.
  8164 | D:6      | Found Mahoupou's Magic Scroll Shoppe.
  8530 | D:6      | Learned a level 3 spell: Mephitic Cloud
  8558 | D:7      | Reached skill level 5 in Conjurations
  8799 | D:7      | Reached skill level 5 in Hexes
  9025 | D:7      | Reached XP level 9. HP: 45/45 MP: 22/22
  9219 | D:7      | Identified the +4 ring mail of Pasm {rF+ rC+ rCorr Str+3}
  9442 | D:7      | Noticed Menkaure
  9444 | D:7      | Killed Menkaure
  9483 | D:7      | Found a burning altar of Makhleb.
  9866 | D:7      | Noticed a cacodemon
 10357 | D:7      | Found Yjichethrif's Self-Improvement Boutique.
 10606 | D:8      | Offered knowledge of Poisonous Vapours by Vehumet.
 10633 | D:8      | Learned a level 2 spell: Poisonous Vapours
 10913 | D:8      | Reached skill level 1 in Poison Magic
 10923 | D:8      | Reached skill level 1 in Transmutations
 10923 | D:8      | Reached skill level 1 in Fire Magic
 11522 | D:8      | Noticed a white ugly thing
 11540 | D:8      | Noticed a boulder beetle
 11551 | D:8      | Noticed a deep elf pyromancer
 11556 | D:8      | HP: 2/45 [deep elf pyromancer/bolt of fire (39)]
 11557 | D:8      | Killed a boulder beetle
 11557 | D:8      | Reached *** piety under Vehumet
 11558 | D:8      | Reached XP level 10. HP: 2/50 MP: 7/24
 11564 | D:8      | Noticed a manticore
 11961 | D:8      | Killed a manticore
 12178 | D:8      | Killed a deep elf pyromancer
 12302 | D:8      | Identified the +2 chain mail of Happy Babbling {Str+2 Int+5
                  | Dex+4}
 12685 | D:9      | Noticed Prince Ribbit
 12691 | D:9      | Killed Prince Ribbit
 13047 | D:9      | Found a transporter.
 13061 | D:9      | Noticed Maurice
 13073 | D:9      | Killed Maurice
 13268 | D:9      | Noticed a death yak
 13269 | D:9      | Noticed a death yak
 13299 | D:10     | Entered Level 10 of the Dungeon
 13301 | D:10     | Found a hide-covered altar of Uskayaw.
 13348 | D:10     | Noticed a gargoyle
 13360 | D:10     | Killed a gargoyle
 13361 | D:10     | Reached skill level 5 in Poison Magic
 13569 | D:6      | Offered knowledge of Iskenderun's Mystic Blast by Vehumet.
 13570 | D:6      | Reached skill level 5 in Transmutations
 13570 | D:6      | Reached skill level 5 in Fire Magic
 13575 | D:6      | Learned a level 4 spell: Iskenderun's Mystic Blast
 13694 | D:1      | Bought the Catalogue of Venom and Flight for 528 gold
                  | pieces
 13699 | D:1      | Learned a level 4 spell: Olgreb's Toxic Radiance
 13703 | D:1      | Learned a level 3 spell: Ignite Poison
 14146 | D:10     | Reached XP level 11. HP: 54/54 MP: 23/25
 14198 | D:10     | Noticed an obsidian statue
 14202 | D:10     | Noticed a sun demon
 14209 | D:10     | Mangled by a sun demon

Illustrated notes

Levels and vault maps discovered:
D:1:      amcnicky_arrival_blooded_trapdoor, layout_rooms, serial_shops,
          shop_statue
D:2:      layout_rooms, basic_altar, kennysheep_generic_room_3, uniq_robin,
          uniq_sigmund
D:3:      layout_loops_ring, gup_sewer_entry_pipe, serial_park_tiny_1,
          wad_floor_pattern_untrapped, grunt_decor_arrowhead,
          nicolae_figureground_sparkle
D:4:      minmay_goblin_kobold_castle, layout_basic,
          minmay_temple_entry_mini_moons
D:5:      layout_rooms, ashenzari_altar_1, gammafunk_ghost_abyssal_escape,
          hangedman_decor_diamond_cutter
D:6:      layout_loops_corners, overflow_temple_1_default,
          mainiacjoe_overflow_paths, mainiacjoe_overflow_boulevard,
          grunt_ministairs_3, minmay_shop_grid_forest, minmay_holes,
          uniq_eustachio
D:7:      layout_layer_cave, makhleb_altar_promises_db, nicolae_shop_self_help,
          uniq_menkaure
D:8:      minmay_tri_box, layout_basic, minivault_14, grunt_ministairs_6
D:9:      gammafunk_steamed_eel, layout_gridville, dpeg_lair_monsters,
          minmay_misc_feat_columns, uniq_maurice, uniq_prince_ribbit1
D:10:     layout_cave_pods, nicolae_uskayaw_dance_hall, minivault_16
Temple:   regret_index_temple_sphere_string

Skill      XL: |  1  2  3  4  5  6  7  8  9 10 |
---------------+-------------------------------+-----
Dodging        | 3 4 6 7 8 |  8.0
Spellcasting   | 4 5 6 7 8 |  8.0
Conjurations   | 2 3 4 5 6 8 |  8.0
Air Magic      | 4 5 6 7 8 |  8.0
Hexes          | 1 5 7 |  7.0
Poison Magic   | 3 5 |  5.7
Transmutations | 2 5 |  5.4
Fire Magic     | 2 5 |  5.4
Stealth        | |  2.4

Action                   |  1- 3 |  4- 6 |  7- 9 | 10-12 || total
-------------------------+-------+-------+-------+-------++-------
Melee: Unarmed           |    14 |       |       |       ||    14
       Mace              |       |     4 |     1 |       ||     5
 Cast: Shock             |    68 |   148 |   151 |    75 ||   442
       Static Discharge  |     3 |    14 |    57 |    16 ||    90
       Call Imp          |       |     1 |     1 |     1 ||     3
       Airstrike         |       |       |    53 |    32 ||    85
       Mephitic Cloud    |       |       |     5 |    12 ||    17
       Poisonous Vapours |       |       |     1 |    11 ||    12
       Olgreb's Toxic Ra |       |       |       |     4 ||     4
       Ignite Poison     |       |       |       |     3 ||     3
Evoke: Wand              |       |       |     5 |     5 ||    10
  Use: Scroll            |     6 |     4 |     5 |     4 ||    19
       Potion            |     3 |     1 |     3 |     1 ||     8
 Stab: Sleeping          |       |     2 |       |       ||     2
Armor: Robe              |     4 |     1 |    11 |       ||    16
Dodge: Dodged            |    16 |    17 |    52 |    20 ||   105

Table legend: (Time is in decaauts)
 A = Elapsed time spent in this place.
 B = Non-inter-level travel time spent in this place.
 C = Inter-level travel time spent in this place.
 D = Time resting spent in this place.
 E = Time spent auto-exploring this place.
 F = Levels seen in this place.
 G = Mean time per level.
                   A        B        C        D        E       F      G
               +--------+--------+--------+--------+--------+-----+--------+
         Total |  14314 |  13523 |    791 |   4657 |   7012 |  12 | 1192.8 |
       Dungeon |  13511 |  12783 |    728 |   4490 |   6544 |  10 | 1351.1 |
        Temple |    218 |    155 |     63 |      9 |    129 |   1 |  218.0 |
         Sewer |    584 |    584 |      0 |    158 |    339 |   1 |  584.0 |
               +--------+--------+--------+--------+--------+-----+--------+

Top non-repeatable levels by time:
     D:7: 2339 daAuts
     D:4: 2238 daAuts
     D:8: 1737 daAuts
     D:2: 1536 daAuts
     D:6: 1340 daAuts
     D:3: 1236 daAuts
     D:1: 1130 daAuts
     D:9: 840 daAuts
     D:5: 624 daAuts
   Sewer: 584 daAuts
    D:10: 486 daAuts
  Temple: 218 daAuts
